 Dungeon Crawl Stone Soup version 0.21-a0-150-gc243083 (webtiles) character file.

13346 drasked the Destroyer (level 11, -21/62 HPs)
             Began as a Deep Elf Fire Elementalist on July 26, 2017.
             Was an Elder of Vehumet.
             Killed from afar by an ice statue (38 damage)
             ... with a bolt of cold
             ... in an ice cave.
             The game lasted 01:05:19 (14449 turns).

drasked the Destroyer (Deep Elf Fire Elementalist) Turns: 14449, Time: 01:05:19

Health: -21/62     AC:  5    Str:  5    XL:     11   Next: 74%
Magic:  2/27       EV: 16    Int: 24    God:    Vehumet [****..]
Gold:   538        SH:  0    Dex: 15    Spells: 10/31 levels left

rFire    + . .     SeeInvis .   e - +1 dagger
rCold    . . .     Gourm    .   (no shield)
rNeg     . . .     Faith    .   a - +0 robe
rPois    .         Spirit   .   (no helmet)
rElec    .         Reflect  .   (no cloak)
rCorr    .         Harm     .   s - +0 pair of gloves
MR       +....                  o - +1 pair of boots
Stlth    ++........             (no amulet)
HPRegen  0.20/turn              D - ring of protection from fire {rF+, !d}
MPRegen  0.20/turn              G - ring of wizardry {Wiz+, !d}

@: no status effects
A: no striking features
a: Renounce Religion


You were in an ice cave.
You worshipped Vehumet.
Vehumet was greatly pleased with you.
You were not hungry.

You visited 3 branches of the dungeon, and saw 13 of its levels.
You also visited: Ice Cave.

You collected 725 gold pieces.
You spent 187 gold pieces at shops.

Inventory:

Hand Weapons
 e - a +1 dagger (weapon)
   (You took it off a goblin on level 1 of the Dungeon)
Missiles
 m - 4 curare-tipped needles
 M - 2 throwing nets {=f, !d}
Armour
 a - a +0 robe (worn)
 o - a +1 pair of boots (worn)
   (You found it on level 2 of the Dungeon)
 s - a +0 pair of gloves (worn)
   (You found it on level 6 of the Dungeon)
Magical Staves
 y - an uncursed staff of cold {rC+}
   (You found it in an ice cave)
Jewellery
 g - an uncursed ring of resist corrosion
   (You found it on level 1 of the Dungeon)
 D - a ring of protection from fire (left hand) {rF+, !d}
   (You found it on level 6 of the Dungeon)
 G - a ring of wizardry (right hand) {Wiz+, !d}
   (You took it off a wight on level 10 of the Dungeon)
Wands
 l - a wand of iceblast (6/15)
   (You found it on level 3 of the Dungeon)
 C - a wand of acid (0/15)
   (You found it on level 6 of the Dungeon)
 E - a wand of paralysis (0/24)
   (You found it on level 7 of the Dungeon)
 J - a wand of confusion (30/48)
   (You found it on level 1 of the Lair of Beasts)
 K - a wand of disintegration (8/24)
   (You found it on level 1 of the Lair of Beasts)
Scrolls
 d - 3 scrolls of teleportation
 j - 4 scrolls of identify
 n - 6 scrolls of remove curse
 r - 2 scrolls of amnesia
 u - 2 scrolls of random uselessness
 A - a scroll of blinking {!r}
 B - a scroll of fog
Potions
 f - 3 potions of agility
 h - 5 potions of curing
 p - a potion of lignification {unknown}
 q - 4 potions of heal wounds
 t - a potion of ambrosia
 v - 2 potions of brilliance
 w - a potion of flight
 x - a potion of invisibility {unknown}
 F - a potion of might
Books
 b - a book of Flames
Miscellaneous
 z - a box of beasts
Comestibles
 c - 5 bread rations {@e1}
 i - a royal jelly
 k - 8 meat rations {@e2}


   Skills:
 + Level 4.3 Fighting
 + Level 6.9 Dodging
 - Level 2.4 Stealth
 - Level 10.5 Spellcasting
 * Level 12.3 Conjurations
 * Level 11.9 Fire Magic


You had 10 spell levels left.
You knew the following spells:

 Your Spells              Type           Power        Failure   Level  Hunger
a - Flame Tongue          Conj/Fire      #####        1%          1    None
b - Ignite Poison         Fire/Tmut/Pois ####....     1%          3    None
c - Conjure Flame         Conj/Fire      ######..     1%          3    None
d - Mephitic Cloud        Conj/Pois/Air  ####....     1%          3    None
f - Fireball              Conj/Fire      ######....   1%          5    ####...
s - Sticky Flame          Conj/Fire      ######..     1%          4    None
x - Throw Flame           Conj/Fire      ######       1%          2    None


Dungeon Overview and Level Annotations

Branches:
Dungeon (10/15)            Temple (1/1) D:4            Lair (2/6) D:9
  Swamp: Lair:2-4    Shoals: Lair:2-4     Snake: Lair:2-4    Spider: Lair:2-4
    Orc: D:9-12

Altars:
Ashenzari
Cheibriados
Dithmenos
Elyvilon
Fedhas
Gozag
Hepliaklqana
Kikubaaqudgha
Makhleb
Nemelex Xobeh
Okawaru
Qazlal
Ru
Sif Muna
Trog
Uskayaw
Vehumet
Wu Jian
Xom
Yredelemnul
Zin
The Shining One

Shops:
D:5 =!   D:10 (

Annotations:
D:3 exclusion: door, Sigmund
D:7 p0werm0de's ghost, novice NaEE IceCv exclusion: ice statue


Message History

The ice beast melts!
Aim: an ice beast (severely wounded)
The fireball explodes!
The fireball engulfs the ice beast.
The ice beast melts!
You kill the ice beast!
Vehumet accepts your kill.
You feel your power returning.
The fireball engulfs the ice beast.
The ice beast melts!
You kill the ice beast!
Vehumet accepts your kill.
You feel your power returning.
The fireball engulfs the ice beast.
The ice beast melts!
You kill the ice beast!
Vehumet accepts your kill.
You feel your power returning.
The fireball engulfs the ice beast.
The ice beast melts!
You kill the ice beast!
Vehumet accepts your kill.
Vehumet is extending the range of your destructive magics.
Okay, then.
You start resting.
Your magical contamination has completely faded away.
Health restored: 61 You start resting.
You are near starving!
You regained 12 mp, and now have 25/27 mp.
You eat one of the 9 meat rations {@e2}.
That meat ration really hit the spot!
You see here an ugly thing corpse.
There is an ice choked empty arch of ancient stone here.
MP restored: 27
i - a royal jelly You now have 538 gold pieces (gained 15).
y - a knobbly glowing staff
z - a box of beasts You see here a runed great mace.
u - 2 scrolls of random uselessness (gained 1)
You see here a runed great mace.
y - an uncursed staff of cold (weapon)
Drop what? 36/52 slots (_ for help) (? for menu, Esc to quit)
Okay, then.
Unknown command.
Wield which item (- for none, * to show all)? (? for menu, Esc to quit)
e - a +1 dagger (weapon)
There is a transporter here.
You enter the transporter and appear at another place.
An ugly thing and 2 ice statues come into view.
Found four items.
Found an ice covered gate leading back out of this place.
The fireball explodes!
The fireball engulfs the white ugly thing.
The white ugly thing gurgles horribly!
The fireball engulfs the ice statue.
The ice statue melts!
The ice statue gestures.
You now have 22/27 mp.
The fireball explodes!
The fireball engulfs the ice beast.
The ice beast melts!
The fireball engulfs the white ugly thing.
The fireball engulfs the ice statue.
The ice statue melts!
You destroy the ice statue!
Vehumet accepts your kill.
You feel your power returning.
The ice beast disappears in a puff of smoke!
You now have 20/27 mp.
The fireball explodes!
The fireball engulfs the white ugly thing.
The white ugly thing punches you. The white ugly thing freezes you!!
The ice statue gestures.
You take 19 damage, and have 42/61 hp.
MASSIVE DAMAGE!!
You now have 15/27 mp.
The fireball explodes!
The fireball engulfs the white ugly thing.
You kill the white ugly thing!
Vehumet accepts your kill.
Vehumet offers you knowledge of Airstrike.
You feel your power returning.
You now have 11/27 mp.
The fireball explodes!
The fireball engulfs the ice statue.
The ice statue melts!
The fireball engulfs the ice beast.
The ice beast melts!
You kill the ice beast!
The ice statue gestures at you. The bolt of cold hits you!
Ouch! That really hurt!
* * * LOW HITPOINT WARNING * * *
You take 31 damage, and have 12/62 hp.
MASSIVE DAMAGE!!
You now have 7/27 mp.
You feel much better.
You regained 21 hp, and now have 33/62 hp.
Aim: an ice statue (lightly damaged)
The fireball explodes!
The fireball engulfs the ice statue.
The ice statue melts!
The ice statue gestures at you. The freezing blast misses you.
You now have 2/27 mp.
You are engulfed in freezing vapours.
* * * LOW HITPOINT WARNING * * *
The ice statue gestures at you. The bolt of cold hits you!
Ouch! That really hurt!
You die...

####
####...##
##........
##.........
##..........
#..........8
#..§@§....?.
#.∩§§§...(.[
#..§§§....%.
#..§....8..8
##..........
##.........
##........
####...##
####


You could see an ice statue.

Vanquished Creatures
  A two-headed ogre (D:8)
  Nergalle (Lair:1)
  2 ugly things (IceCv)
  An ice statue (IceCv)
  A spiny frog (Lair:2)
  2 komodo dragons (Lair:1)
  A troll (D:10)
  A hornet (D:9)
  3 hippogriffs
  13 yaks
  2 wyverns
  A basilisk (Lair:1)
  Edmund (D:6)
  A hungry ghost (D:10)
  A water moccasin (Lair:1)
  5 porcupines
  9 ice beasts
  2 sky beasts
  3 black bears
  A necrophage (D:8)
  2 orc warriors
  8 ogres
  4 wolves (Lair:1)
  7 centaurs
  A phantom (D:8)
  2 crocodiles
  4 bullfrogs
  A wyvern zombie (D:9)
  3 scorpions
  5 wights
  11 killer bees
  3 howler monkeys (D:8)
  3 jellies
  7 crimson imps
  A centaur zombie (D:10)
  5 hounds
  A centaur skeleton (D:7)
  3 orc priests
  2 bullfrog skeletons
  12 orc wizards
  4 iguanas
  6 worker ants
  A killer bee zombie (D:6)
  3 gnolls (D:3)
  2 howler monkey skeletons
  9 adders
  3 shadow imps (D:6)
  An adder zombie (D:5)
  An ooze (D:1)
  A worm (D:5)
  A dart slug (D:4)
  4 leopard geckos
  43 orcs
  A ball python (D:4)
  16 giant cockroaches
  4 goblins
  5 hobgoblins
  2 jackals (D:7)
  3 quokkas
  A ball python skeleton (D:4)
  7 bats
  4 frilled lizards
  9 kobolds
  A leopard gecko skeleton (D:4)
  A quokka skeleton (D:5)
  4 rats
  A bush (Lair:1)
275 creatures vanquished.

Vanquished Creatures (others)
  The ghost of p0werm0de the Sneak, an amateur DsEn (D:4)
  A phantom (D:4)
  A hound (D:4)
  An orc (D:4)
  3 jackals (D:4)
  A fungus (D:9)
8 creatures vanquished.

Grand Total: 283 creatures vanquished

Notes
Turn   | Place    | Note
-------+----------+-------------------------------------------
     0 | D:1      | drasked the Deep Elf Fire Elementalist began the quest for the Orb.
     0 | D:1      | Reached XP level 1. HP: 10/10 MP: 6/6
    66 | D:1      | HP: 2/10 [giant cockroach (2)]
   557 | D:1      | Reached XP level 2. HP: 15/15 MP: 2/8
  1022 | D:1      | Reached skill level 2 in Conjurations
  1165 | D:2      | Reached skill level 4 in Spellcasting
  1250 | D:2      | Reached XP level 3. HP: 19/19 MP: 4/10
  1439 | D:2      | Found a deep blue altar of Sif Muna.
  1632 | D:2      | Reached skill level 3 in Conjurations
  1736 | D:2      | Reached XP level 4. HP: 13/24 MP: 0/12
  2106 | D:3      | Learned a level 2 spell: Throw Flame
  2110 | D:3      | Learned a level 3 spell: Conjure Flame
  2115 | D:3      | Learned a level 4 spell: Sticky Flame
  2797 | D:3      | Reached skill level 5 in Spellcasting
  2809 | D:3      | Reached XP level 5. HP: 19/28 MP: 5/14
  3226 | D:3      | Reached skill level 4 in Conjurations
  3226 | D:3      | Reached skill level 4 in Fire Magic
  3443 | D:3      | Reached XP level 6. HP: 24/32 MP: 2/16
  3560 | D:3      | Noticed Sigmund
  3569 | D:4      | Noticed a sky beast
  3583 | D:4      | Killed a sky beast
  3583 | D:4      | Reached skill level 6 in Spellcasting
  4033 | D:4      | Reached skill level 5 in Conjurations
  4033 | D:4      | Reached skill level 5 in Fire Magic
  4057 | D:4      | Reached XP level 7. HP: 36/36 MP: 6/18
  4060 | D:4      | Killed p0werm0de's ghost
  4358 | D:4      | Learned a level 5 spell: Fireball
  4473 | D:4      | Found a staircase to the Ecumenical Temple.
  4482 | Temple   | Entered the Ecumenical Temple
  4518 | Temple   | Became a worshipper of Vehumet
  5010 | D:5      | Entered Level 5 of the Dungeon
  5050 | D:5      | Found Annoemup's Jewellery Emporium.
  5134 | D:5      | Found Nuityme's Distillery.
  5137 | D:5      | Bought a potion of heal wounds for 55 gold pieces
  5137 | D:5      | Bought a potion of mutation for 88 gold pieces
  5137 | D:5      | Bought a potion of curing for 33 gold pieces
  5137 | D:5      | Bought a potion of degeneration for 11 gold pieces
  5511 | D:5      | Reached skill level 7 in Spellcasting
  5619 | D:6      | Noticed Edmund
  5630 | D:6      | Killed Edmund
  5820 | D:6      | Reached skill level 6 in Conjurations
  5820 | D:6      | Reached skill level 6 in Fire Magic
  5923 | D:6      | Reached XP level 8. HP: 41/41 MP: 12/21
  6085 | D:6      | Reached skill level 8 in Spellcasting
  6204 | D:6      | Found a bloodstained altar of Trog.
  6565 | D:6      | You fall through a shaft!
  6599 | D:7      | Reached * piety under Vehumet
  6599 | D:7      | Offered knowledge of Sandblast by Vehumet.
  7121 | D:7      | Reached skill level 7 in Conjurations
  7189 | D:7      | Reached skill level 7 in Fire Magic
  7283 | D:7      | Reached skill level 9 in Spellcasting
  7601 | D:7      | Reached XP level 9. HP: 45/45 MP: 13/24
  7781 | D:7      | Reached skill level 8 in Conjurations
  7834 | D:7      | Noticed p0werm0de's ghost (novice NaEE)
  7977 | D:8      | Reached skill level 8 in Fire Magic
  8067 | D:8      | Reached skill level 10 in Spellcasting
  8497 | D:8      | HP: 8/45 [orc priest/divine providence (13)]
  8502 | D:8      | Offered knowledge of Sting by Vehumet.
  8503 | D:8      | Reached ** piety under Vehumet
  8876 | D:8      | Noticed a two-headed ogre
  8887 | D:8      | Killed a two-headed ogre
  8887 | D:8      | Reached skill level 1 in Fighting
  8887 | D:8      | Reached skill level 3 in Dodging
  8887 | D:8      | Reached skill level 9 in Conjurations
  8887 | D:8      | Reached skill level 9 in Fire Magic
  9018 | D:8      | Reached XP level 10. HP: 49/52 MP: 17/26
  9738 | D:8      | Reached skill level 4 in Dodging
 10049 | D:9      | Reached skill level 2 in Fighting
 10193 | D:9      | Reached skill level 10 in Conjurations
 10193 | D:9      | Reached skill level 10 in Fire Magic
 10343 | D:9      | Found a staircase to the Lair.
 10346 | D:9      | Offered knowledge of Ignite Poison by Vehumet.
 10351 | D:9      | Learned a level 3 spell: Ignite Poison
 10538 | D:9      | Paralysed by a hornet for 2 turns
 10539 | D:9      | HP: 7/54 [hornet (13)]
 10951 | D:10     | Entered Level 10 of the Dungeon
 11200 | D:10     | Reached skill level 5 in Dodging
 11359 | D:10     | Reached skill level 3 in Fighting
 11362 | D:10     | Reached *** piety under Vehumet
 11533 | D:10     | Found Nummyij's Weapon Shop.
 11882 | D:10     | Offered knowledge of Mephitic Cloud by Vehumet.
 11887 | D:10     | Learned a level 3 spell: Mephitic Cloud
 12141 | D:10     | Reached skill level 11 in Conjurations
 12141 | D:10     | Reached XP level 11. HP: 49/60 MP: 7/27
 12518 | Lair:1   | Entered Level 1 of the Lair of Beasts
 12671 | Lair:1   | Reached skill level 11 in Fire Magic
 12672 | Lair:1   | HP: 13/60 [bullfrog (5)]
 13121 | Lair:1   | Reached skill level 6 in Dodging
 13302 | Lair:1   | Noticed Nergalle
 13308 | Lair:1   | Killed Nergalle
 13452 | Lair:1   | Reached skill level 4 in Fighting
 14119 | Lair:2   | Reached skill level 12 in Conjurations
 14327 | Lair:2   | Found a frozen archway.
 14337 | IceCv    | Entered an ice cave
 14337 | IceCv    | Noticed a white ugly thing
 14343 | IceCv    | Killed a white ugly thing
 14344 | IceCv    | Reached **** piety under Vehumet
 14412 | IceCv    | Found a transporter.
 14441 | IceCv    | Noticed a white ugly thing
 14445 | IceCv    | Killed a white ugly thing
 14445 | IceCv    | Offered knowledge of Airstrike by Vehumet.
 14446 | IceCv    | HP: 12/62 [ice statue/bolt of cold (31)]
 14449 | IceCv    | Killed from afar by an ice statue

Vault maps used:
D:1:      roderic_crossed_star, minivault_4
D:2:      minmay_roachtagon, lemuel_blue_sif_altar
D:3:      uniq_sigmund
D:4:      lemuel_temple_firewalk_a, minmay_misc_feat_more_columns
D:5:      first_bread, serial_shops, kennysheep_mini_moat, shop
D:6:      lemuel_crystal_altar, serial_park, serial_park_gazebo,
          serial_park_square2, serial_park_tiny_1, serial_park_square1,
          uniq_edmund
D:8:      minmay_flawed_box
D:9:      grunt_lair_entry_orc_guard_hut
D:10:     serial_shops, shop_fountains
Temple:   regret_index_temple_sigil_plot
Lair:1:   beast_lair_carwin_1, uniq_nergalle
Lair:2:   portal_ice_cave_entry_pillars_1
IceCv:    ice_cave_statue_garden_teleport

Skill      XL: |  1  2  3  4  5  6  7  8  9 10 11 |
---------------+----------------------------------+-----
Conjurations   | 2 3 4 5 6 7 9 11 12 | 12.3
Spellcasting   | 4 5 6 7 9 10 | 10.5
Fire Magic     | 4 5 6 7 9 10 11 | 11.9
Fighting       | 1 3 4 |  4.3
Dodging        | 3 5 6 |  6.9
Stealth        | |  2.4

Action                   |  1- 3 |  4- 6 |  7- 9 | 10-12 || total
-------------------------+-------+-------+-------+-------++-------
Melee: Dagger            |     1 |       |    20 |    45 ||    66
 Cast: Flame Tongue      |    72 |    60 |    42 |    27 ||   201
       Throw Flame       |       |    34 |   142 |   155 ||   331
       Sticky Flame      |       |    10 |    14 |    31 ||    55
       Conjure Flame     |       |     2 |     3 |     1 ||     6
       Fireball          |       |       |     5 |    39 ||    44
       Mephitic Cloud    |       |       |       |    14 ||    14
       Ignite Poison     |       |       |       |     9 ||     9
Evoke: Wand              |       |       |    16 |       ||    16
  Use: Scroll            |       |     1 |     5 |    10 ||    16
       Potion            |       |       |     2 |     2 ||     4
 Stab: Paralysed         |       |       |     3 |       ||     3
  Eat: Chunk             |     2 |     9 |    14 |    12 ||    37
       Royal jelly       |       |       |     1 |     4 ||     5
       Meat ration       |       |       |       |     1 ||     1
Armor: Robe              |    11 |    11 |    10 |    19 ||    51
Dodge: Dodged            |    49 |    45 |    51 |   110 ||   255

Vault maps used:
D:1:      roderic_crossed_star, minivault_4
D:2:      minmay_roachtagon, lemuel_blue_sif_altar
D:3:      uniq_sigmund
D:4:      lemuel_temple_firewalk_a, minmay_misc_feat_more_columns
D:5:      first_bread, serial_shops, kennysheep_mini_moat, shop
D:6:      lemuel_crystal_altar, serial_park, serial_park_gazebo,
          serial_park_square2, serial_park_tiny_1, serial_park_square1,
          uniq_edmund
D:8:      minmay_flawed_box
D:9:      grunt_lair_entry_orc_guard_hut
D:10:     serial_shops, shop_fountains
Temple:   regret_index_temple_sigil_plot
Lair:1:   beast_lair_carwin_1, uniq_nergalle
Lair:2:   portal_ice_cave_entry_pillars_1
IceCv:    ice_cave_statue_garden_teleport

Table legend:
 A = Turns spent in this place as a percentage of turns spent in the entire game.
 B = Non-inter-level travel turns spent in this place as a percentage of non-inter-level travel turns spent in the entire game.
 C = Inter-level travel turns spent in this place as a percentage of turns spent in this place.
 D = Turns resting spent in this place as a percentage of non-inter-level travel turns spent in this place.
 E = Turns spent auto-exploring this place as a percentage of non-inter-level travel turns spent in this place.
 F = Non-inter-level travel turns spent in this place divided by the number of levels of this place that you've seen.
                   A       B       C       D       E      F
               +-------+-------+-------+-------+-------+----------------------
         Total | 100.0 | 100.0 |   0.4 |   3.8 |   5.9 | 317.2
       Dungeon |  89.9 |  89.9 |   0.3 |   3.5 |   5.6 | 399.3
        Temple |   1.1 |   1.1 |   2.1 |   0.0 |  36.2 |  47.0
          Lair |   7.9 |   7.9 |   0.6 |   6.8 |   6.0 | 176.0
      Ice Cave |   1.1 |   1.1 |   0.0 |   6.1 |   0.0 |  49.0
               +-------+-------+-------+-------+-------+----------------------

Table legend:
 A = Kills in this place as a percentage of kills in entire the game.
 B = Kills by you in this place as a percentage of kills by you in the entire game.
 C = Kills by friends in this place as a percentage of kills by friends in the entire game.
 D = Other kills in this place as a percentage of other kills in the entire game.
 E = Experience gained in this place as a percentage of experience gained in the entire game.
 F = Experience gained in this place divided by the number of levels of this place that you have seen.
                   A       B       C       D       E      F
               +-------+-------+-------+-------+-------+----------------------
         Total | 100.0 | 100.0 |  -nan |  -nan | 100.0 | 1361.9
       Dungeon |  87.6 |  87.6 |  -nan |  -nan |  59.7 | 1138.8
          Lair |   9.1 |   9.1 |  -nan |  -nan |  27.9 | 2663.0
      Ice Cave |   3.3 |   3.3 |  -nan |  -nan |  12.3 | 2352.0
               +-------+-------+-------+-------+-------+----------------------
